 Dungeon Crawl Stone Soup version 0.30-a0-34-gbe8da3892a (webtiles) character file.

Game seed: 9092623071042553872

9 frimble the Gusty (level 2, 0/19 HPs)
             Began as a Demonspawn Air Elementalist on Aug 27, 2022.
             Slain by a jackal (2 damage)
             ... on level 1 of the Dungeon.
             The game lasted 00:00:37 (75 turns).

frimble the Gusty (Demonspawn Air Elementalist)       Turns: 75, Time: 00:00:37

Health: 0/19       AC:  2    Str:  8    XL:     2   Next: 6%
Magic:  0/5        EV: 12    Int: 16    God:
Gold:   0          SH:  0    Dex: 13    Spells: 4/5 levels left

rFire   . . .      SeeInvis .    (no weapon)
rCold   . . .      Faith    .    (no shield)
rNeg    . . .      Spirit   .    a - +0 robe
rPois   .          Reflect  .    (no helmet)
rElec   .          Harm     .    (no cloak)
rCorr   .          Rampage  .    (no gloves)
Will    .....                    (no boots)
Stlth   ++........               (no amulet)
HPRegen 0.06/turn                (no ring)
MPRegen 0.09/turn                (no ring)

@: very slightly contaminated
A: powered by pain 1
a: no special abilities


You were on level 1 of the Dungeon.
You visited 1 branch of the dungeon, and saw 1 of its levels.

Inventory:

Armour
 a - a +0 robe (worn)


   Skills:
 - Level 1.9 Dodging
 - Level 2.0 Stealth
 - Level 2.1 Spellcasting
 + Level 1.3 Conjurations
 - Level 2.8 Air Magic


You had 4 spell levels left.
You knew the following spells:

 Your Spells              Type           Power      Damage    Failure   Level
a - Shock                 Conj/Air       32%        1d5       9%          1

Your spell library contained the following spells:

 Spells                   Type           Power      Damage    Failure   Level
 Static Discharge         Conj/Air       16%        3-4/arc   13%         2
 Swiftness                Air            10%        N/A       19%         3
 Airstrike                Air            5%         2d(1-17)  54%         4


Dungeon Overview and Level Annotations

Branches:
Dungeon (1/15)

Altars:


Innate Abilities, Weirdness & Mutations

You sometimes gain a little power by taking damage.


Message History

Unknown command.
The bat misses you. The bat closely misses you. The jackal bites you.
The bat barely misses you. The jackal closely misses you.
The goblin attacks as you move away! The goblin closely misses you.
The jackal attacks as you move away! The jackal completely misses you.
The bat hits you. The jackal attacks as you move away!
The jackal barely misses you. x2
The jackal closely misses you. x2
There is an open door here.
The jackal attacks as you move away! The jackal bites you.
The jackal attacks as you move away! The jackal bites you.
There is a staircase leading out of the dungeon here.
Aiming: Shock (safe; 9% risk of failure)
Press: ? - help, Q - select action Shift-Dir - straight line You miscast Shock.
You are very lightly contaminated with residual magic.
Nothing appears to happen.
The jackal bites you.
* * * LOW HITPOINT WARNING * * *
The jackal barely misses you.
You aren't carrying any potions.
As you read the scroll labelled NYDIET SOESOSCH, it crumbles to dust.
It is a scroll of amnesia.
Really abort (and waste the scroll)?
Okay, then.
The jackal bites you.
* * * LOW HITPOINT WARNING * * *
Unknown command.
You aren't carrying any potions.
You aren't carrying any scrolls.
You hit the jackal.
The jackal is almost dead.
You hit the jackal.
You kill the jackal!
The jackal barely misses you. The jackal closely misses you.
You aren't carrying any potions.
You closely miss the jackal. The jackal barely misses you.
You barely miss the jackal. The jackal barely misses you. The jackal bites you.
You die...

#########+##
~~≈≈≈~~.<..♣♣♣♣
~~~≈PP~~.....<♣
..~~PPP~~~.P...
...~~~PPP~~....
.....~~~~~~~... .
♣.....@..~~~~≈ ..
...##########h#########..
#...........gb..........
#.......#.#g.........
#.....###...).......#
#.##.####...........#
........#....#....#
.#.......#...##!#.....#
.. #...........#$##..###.


You could see a jackal, a hobgoblin, a goblin and a bat.

Vanquished Creatures
  A bat (D:1)
  A goblin (D:1)
  A hobgoblin (D:1)
  3 jackals (D:1)
  A kobold (D:1)
7 creatures vanquished.

Notes
Turn   | Place    | Note
-------+----------+-------------------------------------------
     0 | D:1      | frimble the Demonspawn Air Elementalist began the quest for
                  | the Orb.
     0 | D:1      | Reached XP level 1. HP: 13/13 MP: 3/3
    63 | D:1      | Gained mutation: You sometimes gain a little power by
                  | taking damage. [demonic ancestry]
    63 | D:1      | Reached XP level 2. HP: 10/19 MP: 0/5
    75 | D:1      | Slain by a jackal

Illustrated notes

Levels and vault maps discovered:
D:1:      tarquinn_simple_flora_water_c, layout_rooms, minmay_tetromino_s2

Skill      XL: |  1 |
---------------+----+-----
Stealth        | 2 |  2.0
Dodging        | |  1.9
Spellcasting   | |  2.1
Conjurations   | |  1.3
Air Magic      | |  2.8

Action                   || total
-------------------------++-------
Melee: Unarmed           ||     6
 Cast: Shock             ||     8
  Use: Potion            ||     1
       Scroll            ||     1
Armor: Robe              ||    10
Dodge: Dodged            ||    30

Table legend: (Time is in decaauts)
 A = Elapsed time spent in this place.
 B = Non-inter-level travel time spent in this place.
 C = Inter-level travel time spent in this place.
 D = Time resting spent in this place.
 E = Time spent auto-exploring this place.
 F = Levels seen in this place.
 G = Mean time per level.
                   A        B        C        D        E       F      G
               +--------+--------+--------+--------+--------+-----+--------+
         Total |     75 |     75 |      0 |      0 |     37 |   1 |   75.0 |
       Dungeon |     75 |     75 |      0 |      0 |     37 |   1 |   75.0 |
               +--------+--------+--------+--------+--------+-----+--------+

Top non-repeatable levels by time:
     D:1: 75 daAuts
